 Dungeon Crawl Stone Soup version 0.29-a0-25-g7f48f510a0 (webtiles) character file.

Game seed: 895312154812386070

35 Bosse the Skirmisher (level 3, -6/29 HPs)
             Began as a Demonspawn Abyssal Knight on Jan 31, 2022.
             Was a Follower of Lugonu.
             Mangled by a phantom (8 damage)
             ... on level 2 of the Dungeon.
             The game lasted 00:05:37 (1412 turns).

Bosse the Skirmisher (Demonspawn Abyssal Knight)    Turns: 1412, Time: 00:05:38

Health: -6/29      AC:  3    Str: 15    XL:     3   Next: 16%
Magic:  5/5        EV: 11    Int: 11    God:    Lugonu [*.....]
Gold:   40         SH:  0    Dex: 13    Spells: 1/2 levels left

rFire   . . .      SeeInvis .   a - +1 falchion
rCold   . . .      Faith    .   (no shield)
rNeg    . . .      Spirit   .   b - +0 leather armour
rPois   .          Reflect  .   (helmet restricted)
rElec   .          Harm     .   (no cloak)
rCorr   .          Rampage  .   (no gloves)
Will    .....                   (no boots)
Stlth   +.........              (no amulet)
HPRegen 0.09/turn               (no ring)
MPRegen 0.09/turn               (no ring)

@: no status effects
A: horns 1
a: Renounce Religion, Depart the Abyss


You were on level 2 of the Dungeon.
You worshipped Lugonu.
Lugonu was aware of your devotion.
You visited 1 branch of the dungeon, and saw 2 of its levels.
You visited the Abyss 1 time.

You collected 40 gold pieces.

Inventory:

Hand Weapons
 a - a +1 falchion (weapon)
Missiles
 c - a throwing net
Armour
 b - a +0 leather armour (worn)
 e - a +2 robe of willpower
 g - a +1 helmet
Scrolls
 d - 2 scrolls of identify {unknown}
Potions
 f - a potion of lignification {unknown}
 h - a potion of curing {unknown}


   Skills:
 + Level 3.5 Fighting
 + Level 2.1 Long Blades
 + Level 2.2 Armour
 + Level 0.9 Dodging
 + Level 2.8 Invocations


You had one spell level left.
You knew the following spells:

 Your Spells              Type           Power      Damage    Failure   Level
a - Magic Dart            Conj           0%         1d3       41%         1

Your spell library contained the following spells:

 Spells                   Type           Power      Damage    Failure   Level
 Call Imp                 Summ           0%         N/A       54%         2
 Mephitic Cloud           Conj/Pois/Air  0%         N/A       78%         3


Dungeon Overview and Level Annotations

Branches:
Dungeon (2/15)

Altars:

Shops:
D:1 ?


Innate Abilities, Weirdness & Mutations

You have a pair of small horns on your head.


Message History

You slash the worm!
The worm is almost dead.
The worm misses you.
You completely miss the worm. You headbutt the worm.
You kill the worm!
Lugonu accepts your kill.
h - an amethyst potion A phantom comes into view.
Found 20 stones and a book of Callings.
A phantom is nearby!
You closely miss the phantom. The phantom hits you.
The phantom blinks!
You blink.
Found a bubbling puce potion.
You hit the phantom.
The phantom is lightly damaged.
The phantom misses you.
You slash the phantom!
The phantom is heavily damaged.
The phantom barely misses you. The phantom hits you.
The phantom blinks!
You blink.
You hit the phantom. Your headbutt misses the phantom.
The phantom is heavily damaged.
The phantom hits you.
You closely miss the phantom. Your headbutt misses the phantom.
The phantom is heavily damaged.
The phantom hits you.
You barely miss the phantom.
The phantom is heavily damaged.
The phantom hits you.
The phantom blinks!
You blink.
You barely miss the phantom.
The phantom is heavily damaged.
The phantom misses you.
You barely miss the phantom.
The phantom is heavily damaged.
The phantom hits you!
* * * LOW HITPOINT WARNING * * *
The phantom blinks!
You blink.
You barely miss the phantom.
The phantom is heavily damaged.
The phantom hits you!
You die...

####...# ##......#
##.....#.#
##........########
#............(...^
#..........§######
#.......§.#.#
.####...†###.#.#
.!.......# #.#@#
.####....###.#W#
#........#.#
#........#.#
##.#.###.#.#######.#
..#.# #....<......#
## .# ###..........
.# ###########


You could see a phantom.

Vanquished Creatures
  A worm (D:2)
  A dart slug (D:1)
  An endoplasm (D:1)
  A giant cockroach (D:1)
  3 goblins (D:1)
  4 hobgoblins (D:1)
  2 jackals (D:1)
  2 quokkas
  3 ball pythons (D:1)
  3 bats (D:1)
  A frilled lizard (D:1)
  3 kobolds (D:1)
  3 rats (D:1)
28 creatures vanquished.

Notes
Turn   | Place    | Note
-------+----------+-------------------------------------------
     0 | Abyss:1  | Bosse the Demonspawn Abyssal Knight began the quest for the
                  | Orb.
     0 | Abyss:1  | Reached XP level 1. HP: 18/18 MP: 2/2
     0 | D:1      | Escaped the Abyss
   251 | D:1      | Gained mutation: You have a pair of small horns on your
                  | head. [demonic ancestry]
   251 | D:1      | Reached XP level 2. HP: 24/24 MP: 3/3
   281 | D:1      | Reached * piety under Lugonu
   542 | D:1      | Learned a level 1 spell: Magic Dart
  1084 | D:1      | Reached XP level 3. HP: 28/29 MP: 5/5
  1158 | D:1      | Found Jyphaq's Magic Scroll Emporium.
  1390 | D:2      | Noticed a phantom
  1412 | D:2      | Mangled by a phantom

Illustrated notes

Levels and vault maps discovered:
D:1:      scummos_arrival_simple_crosswalls, layout_basic, serial_shops,
          nicolae_shop_waterfront, minivault_23, minmay_tromino_i4
D:2:      layout_loops_ring, uniq_terence, uniq_crazy_yiuf_cottage

Skill      XL: |  1  2 |
---------------+-------+-----
Armour         | 2 |  2.2
Long Blades    | 2 |  2.1
Fighting       | |  3.5
Dodging        | |  0.9
Invocations    | |  2.8

Action                   || total
-------------------------++-------
Melee: Falchion          ||    73
       Headbutt          ||     7
 Cast: Magic Dart        ||     1
Invok: Depart the Abyss  ||     1
Armor: Leather armour    ||    14
Dodge: Dodged            ||    31

Table legend: (Time is in decaauts)
 A = Elapsed time spent in this place.
 B = Non-inter-level travel time spent in this place.
 C = Inter-level travel time spent in this place.
 D = Time resting spent in this place.
 E = Time spent auto-exploring this place.
 F = Levels seen in this place.
 G = Mean time per level.
                   A        B        C        D        E       F      G
               +--------+--------+--------+--------+--------+-----+--------+
         Total |   1426 |   1399 |     27 |    303 |    462 |   3 |  475.3 |
       Dungeon |   1426 |   1399 |     27 |    303 |    462 |   2 |  713.0 |
         Abyss |      0 |      0 |      0 |      0 |      0 |   1 |    0.0 |
               +--------+--------+--------+--------+--------+-----+--------+

Top non-repeatable levels by time:
     D:1: 1353 daAuts
     D:2: 72 daAuts
